 Dungeon Crawl Stone Soup version 0.27-a0-1434-g6f15984924 (webtiles) character file.

Game seed: 3024963712199067619

247 quinnr the Zephyrmancer (level 6, -3/32 HPs)
             Began as a Tengu Air Elementalist on July 3, 2021.
             Slain by a wight (7 damage)
             ... on level 4 of the Dungeon.
             The game lasted 00:07:37 (3731 turns).

quinnr the Zephyrmancer (Tengu Air Elementalist)    Turns: 3731, Time: 00:07:38

Health: -3/32      AC:  2    Str:  8    XL:     6   Next: 11%
Magic:  1/10       EV: 14    Int: 18    God:
Gold:   68         SH:  0    Dex: 14    Spells: 4/9 levels left

rFire    . . .     SeeInvis .   c - +2 dagger (vamp)
rCold    . . .     Faith    .   (no shield)
rNeg     . . .     Spirit   .   a - +0 robe
rPois    +         Reflect  .   (helmet restricted)
rElec    .         Harm     .   (no cloak)
rCorr    .         Rampage  .   (no gloves)
Will     .....                  (boots unavailable)
Stlth    ++........             (no amulet)
HPRegen  0.10/turn              m - ring of poison resistance
MPRegen  0.12/turn              (no ring)

@: flying quickly and evasively, quick
A: beak, talons 3, nimble flight
a: no special abilities


You were on level 4 of the Dungeon.
You visited 1 branch of the dungeon, and saw 5 of its levels.

You collected 68 gold pieces.

Inventory:

Hand Weapons
 c - a +2 vampiric dagger (weapon)
 n - a +0 short sword of holy wrath
Armour
 a - a +0 robe (worn)
Jewellery
 m - a ring of poison resistance (left hand)
Scrolls
 e - a scroll of holy word {unknown}
 f - a scroll of fog {unknown}
 g - a scroll of silence {unknown}
 h - a scroll of enchant weapon {unknown}
 k - a scroll of immolation {unknown}
 l - 3 scrolls of identify {unknown}
 o - a scroll of acquirement {unknown}
Potions
 b - a potion of haste {unknown}
 d - a potion of invisibility {unknown}
 i - a potion of degeneration {unknown}
 j - a potion of heal wounds {unknown}
 p - a potion of brilliance {unknown}


   Skills:
 - Level 2.1 Dodging
 - Level 2.0 Stealth
 - Level 2.0 Spellcasting
 - Level 1.3 Conjurations
 * Level 8.8 Air Magic


You had 4 spell levels left.
You knew the following spells:

 Your Spells              Type           Power      Damage    Failure   Level
a - Shock                 Conj/Air       80%        1d8       2%          1
b - Airstrike             Air            16%        N/A       4%          4

Your spell library contained the following spells:

 Spells                   Type           Power      Damage    Failure   Level
 Swiftness                Air            33%        N/A       1%          3
 Static Discharge         Conj/Air       20%        N/A       3%          2
 Freeze                   Ice            4%         1d3       19%         1
 Frozen Ramparts          Ice            2%         1d2       47%         3
 Hailstorm                Conj/Ice       4%         3d4       80%         4
 Dispersal                Tloc           0%         N/A       100%        6
 Disjunction              Tloc           0%         N/A       100%        8


Dungeon Overview and Level Annotations

Branches:
Dungeon (5/15)
 Temple: D:4-7

Altars:
Cheibriados

Annotations:
D:4 exclusion: black bear
D:5 exclusion: scorpion


Innate Abilities, Weirdness & Mutations

You have a beak for a mouth.
You have claws for feet.
Your magical nature lets you fly swiftly and evasively.


Message History

Your Air Magic skill increases to level 8!
There is a stone staircase leading up here.
You fly upwards.
There is a stone staircase leading down here.
You start resting.
Magic restored.
You fly downwards.
Level annotation: exclusion: black bear The wight misses you. x2
There is a stone staircase leading up here.
Unknown command.
Casting: Shock (safe; 2% risk of failure)
Confirm with . or Enter, or press ? or * to list all spells.
The spell is quite dangerous to cast (6% risk of failure)!
Continue anyway?
Aiming: Airstrike (quite dangerous; 6% risk of failure)
Press: ? - help, Dir - move target, f - wight
Aim: a wight, wielding a +3 falchion and wearing a +0 robe of positive energy The air twists around and strikes the wight!
The wight is almost destroyed.
The wight hits you with a +3 morningstar of freezing.
You feel drained. The wight freezes you.
Casting: Airstrike (quite dangerous; 6% risk of failure)
Confirm with . or Enter, or press ? or * to list all spells.
The spell is quite dangerous to cast (6% risk of failure)!
Continue anyway?
Aiming: Airstrike (quite dangerous; 6% risk of failure)
Press: ? - help, Dir - move target, f/p - wight
Aim: a wight, wielding a +3 falchion and wearing a +0 robe of positive energy (almost destroyed)
The air twists around and strikes the wight.
You destroy the wight!
The wight hits you with a +3 morningstar of freezing.
You feel drained. The wight freezes you.
Your life force feels restored.
You have reached level 6!
Your experience leads to an increase in your attributes!
Increase (S)trength, (I)ntelligence, or (D)exterity?
You feel clever.
The wight hits you with a +3 morningstar of freezing!
* * * LOW HITPOINT WARNING * * *
The wight freezes you!
You die...

##.....##..#.....## h
.......#...##.....#..#
##..........[.....z..
..##......#.........#.)$
...................# ..
..#.....รท.........# )
##.###.....>..#....#
#..####....)..###.....
##...##.#z@#### ####.
#........### #........#
##.....### ...........
...#......... ..
##....#..... #
#..#.##.... ###### #...


You could see a wight.

Vanquished Creatures
  4 wights (D:4)
  3 adders
  A worm (D:2)
  A dart slug (D:1)
  7 endoplasms
  5 giant cockroaches
  3 goblins
  2 hobgoblins
  3 jackals
  5 kobolds
  A quokka (D:2)
  4 ball pythons
  2 bats
  8 frilled lizards
  8 rats
57 creatures vanquished.

Notes
Turn   | Place    | Note
-------+----------+-------------------------------------------
     0 | D:1      | quinnr the Tengu Air Elementalist began the quest for the
                  | Orb.
     0 | D:1      | Reached XP level 1. HP: 10/10 MP: 4/4
     1 | D:1      | quinnr: !lg * won TeAE -log
     1 | D:1      | beem: 460. will825x, XL27 TeAE, T:85850:
                  | http://crawl.akrasiac.org/rawdata/will825x/morgue-will825x-
                  | 20210702-141239.txt
   156 | D:1      | Found a faded altar of an unknown god.
   176 | D:1      | Reached XP level 2. HP: 15/15 MP: 4/6
   367 | D:1      | Reached skill level 5 in Air Magic
   965 | D:1      | Reached XP level 3. HP: 19/19 MP: 2/7
  1837 | D:2      | Reached skill level 6 in Air Magic
  2748 | D:3      | You fall into a shaft and drop 2 floors!
  2748 | D:5      | Entered Level 5 of the Dungeon
  2770 | D:5      | Noticed a scorpion
  2797 | D:5      | Reached XP level 4. HP: 24/24 MP: 4/8
  3061 | D:3      | Found a snail-covered altar of Cheibriados.
  3229 | D:4      | Noticed a scorpion
  3359 | D:3      | Learned a level 4 spell: Airstrike
  3476 | D:4      | Noticed a black bear
  3496 | D:4      | Reached skill level 7 in Air Magic
  3496 | D:4      | Gained mutation: Your magical nature lets you fly swiftly
                  | and evasively. [Tengu growth]
  3496 | D:4      | Reached XP level 5. HP: 28/28 MP: 2/9
  3664 | D:4      | Reached skill level 8 in Air Magic
  3731 | D:4      | Reached XP level 6. HP: 17/32 MP: 1/10
  3731 | D:4      | Slain by a wight

Illustrated notes

Levels and vault maps discovered:
D:1:      onia_arrival_handbag, layout_basic,
          shapermc_ecumenical_altar_mp_highgroup, hangedman_glass_teeth,
          minmay_tromino_v4_c
D:2:      layout_rooms, minmay_lizard_pond
D:3:      layout_loops_ring, lemuel_coloured_pillars_altar
D:4:      layout_cave_pools, minmay_fountain_box
D:5:      layout_cave_pools, grunt_temple_overflow_champion_of_chaos,
          serial_shops, nicolae_shop_stone, shop, nicolae_diamond_shop,
          kennysheep_opposing_triangles, uniq_prince_ribbit1, uniq_duvessa

Skill      XL: |  1  2  3  4  5 |
---------------+----------------+-----
Air Magic      | 5 6 7 8 |  8.8
Dodging        | |  2.1
Stealth        | |  2.0
Spellcasting   | |  2.0
Conjurations   | |  1.3

Action                   |  1- 3 |  4- 6 || total
-------------------------+-------+-------++-------
Melee: Dagger            |    11 |     2 ||    13
       Peck              |     2 |       ||     2
 Cast: Shock             |    96 |    15 ||   111
       Airstrike         |       |     6 ||     6
Armor: Robe              |     2 |     2 ||     4
Dodge: Dodged            |    24 |     5 ||    29

Table legend: (Time is in decaauts)
 A = Elapsed time spent in this place.
 B = Non-inter-level travel time spent in this place.
 C = Inter-level travel time spent in this place.
 D = Time resting spent in this place.
 E = Time spent auto-exploring this place.
 F = Levels seen in this place.
 G = Mean time per level.
                   A        B        C        D        E       F      G
               +--------+--------+--------+--------+--------+-----+--------+
         Total |   3733 |   3435 |    298 |    330 |   2723 |   5 |  746.6 |
       Dungeon |   3733 |   3435 |    298 |    330 |   2723 |   5 |  746.6 |
               +--------+--------+--------+--------+--------+-----+--------+

Top non-repeatable levels by time:
     D:3: 1271 daAuts
     D:1: 1268 daAuts
     D:2: 984 daAuts
     D:5: 106 daAuts
     D:4: 102 daAuts
